 Dungeon Crawl Stone Soup version 0.18.1-48-g4cf74bf (webtiles) character file.

949 Kugarra the Jinx (level 7, -1/32 HPs)
             Began as a Spriggan Enchanter on Aug 19, 2016.
             Was an Initiate of Dithmenos.
             Slain by a sky beast (6 damage)
             ... on level 5 of the Dungeon.
             The game lasted 00:25:17 (4872 turns).

Kugarra the Jinx (Spriggan Enchanter)               Turns: 4872, Time: 00:25:17

Health: -1/32      AC:  3    Str:  4    XL:     7   Next: 90%
Magic:  0/15       EV: 18    Int: 18    God:    Dithmenos [......]
Gold:   225        SH:  0    Dex: 17    Spells: 3 memorised, 9 levels left

rFire  . . .     SeeInvis +     i - +3 short sword (elec)
rCold  + . .     Gourm    .     b - +1 robe
rNeg   . . .     Faith    .     (shield restricted)
rPois  .         Spirit   .     (helmet restricted)
rElec  .         Dismiss  .     (no cloak)
rCorr  .         Reflect  .     (gloves unavailable)
SustAt .         Harm     .     (boots unavailable)
MR     +....                    (no amulet)
Stlth  +++.......               (no ring)
                                p - ring of protection from cold

@: very quick, somewhat resistant to hostile enchantments, fairly stealthy
A: unfitting armour, see invisible, herbivore 3, speed 3, slow metabolism 2
a: Renounce Religion


You were on level 5 of the Dungeon.
You worshipped Dithmenos.
Dithmenos was noncommittal.
You were not hungry.

You visited 2 branches of the dungeon, and saw 7 of its levels.

You collected 225 gold pieces.

Inventory:

Hand Weapons
 a - a +1 dagger
 i - a +3 short sword of electrocution (weapon)
Armour
 b - a +1 robe (worn)
Jewellery
 p - a ring of protection from cold (left hand)
 t - an uncursed ring of protection from fire {unknown}
Wands
 e - a wand of acid (8/15)
Scrolls
 d - a scroll of remove curse
 j - 4 scrolls of enchant weapon
 s - 3 scrolls of teleportation
 v - 2 scrolls of identify
Potions
 f - a potion of berserk rage
 g - a potion of cure mutation {unknown}
 h - 4 potions of heal wounds
 k - a potion of haste {unknown}
 l - a potion of degeneration {unknown}
 m - 2 potions of flight {unknown}
 o - 2 potions of ambrosia {unknown}
 q - a potion of might {unknown}
 r - a potion of lignification {unknown}
 u - a potion of agility {unknown}
 x - 2 potions of curing {unknown}
Books
 c - a book of Maledictions

   Spells                             Type                      Level
   a - Corona                         Hexes                        1
   b - Ensorcelled Hibernation        Hexes/Ice                    2
   c - Confuse                        Hexes                        3
   d - Tukima's Dance                 Hexes                        3
   e - Dazzling Spray                 Conjuration/Hexes            3
 n - a book of Misfortune

   Spells                             Type                      Level
   a - Confusing Touch                Hexes                        2
   b - Confuse                        Hexes                        3
   c - Gell's Gravitas                Hexes/Translocation          3
   d - Petrify                        Transmutation/Earth          4
   e - Metabolic Englaciation         Hexes/Ice                    5
   f - Yara's Violent Unravelling     Hexes/Transmutation          5
Comestibles
 w - 2 bread rations


   Skills:
 - Level 4.1 Short Blades
 - Level 3.0 Dodging
 - Level 4.4 Stealth
 * Level 4.8 Spellcasting
 - Level 8.5 Hexes
 - Level 3.0 Ice Magic


You had 9 spell levels left.
You knew the following spells:

 Your Spells              Type           Power        Failure   Level  Hunger
a - Corona                Hex            ####...      1%          1    None
b - Ensorcelled Hibernat  Hex/Ice        ####..       1%          2    #......
c - Confuse               Hex            ####....     1%          3    ###....


Dungeon Overview and Level Annotations

Branches:
Dungeon (6/15)             Temple (1/1) D:4

Altars:
Ashenzari
Cheibriados
Dithmenos
Elyvilon
Fedhas
Kikubaaqudgha
Makhleb
Nemelex Xobeh
Okawaru
Pakellas
Qazlal
Ru
Trog
Vehumet
Xom
Yredelemnul
Zin
The Shining One

Annotations:
D:5 Dowan, Duvessa


Innate Abilities, Weirdness & Mutations

You are tiny and cannot use many weapons and most armour.
You have supernaturally acute eyesight.
You are a herbivore.
You cover ground extremely quickly.
You need consume almost no food.


Message History

Casting: Confuse
Confirm with . or Enter, or press ? or * to list all spells.
You can't see any susceptible monsters within range! (Use Z to cast anyway.)
Casting: Confuse
Confirm with . or Enter, or press ? or * to list all spells.
Aiming: Confuse
Press: ? - help, Shift-Dir - straight line, f - giant frog zombie, p - sky beast
Aim: a giant frog zombie (chance to defeat MR: 87%)
The giant frog zombie appears confused.
You catch the helpless giant frog zombie completely off-guard!
You puncture the giant frog zombie! You hit the giant frog zombie.
There is a sudden explosion of sparks!
You destroy the giant frog zombie!
Dithmenos accepts your kill. The sky beast hits you. The sky beast shocks you.
* * * LOW HITPOINT WARNING * * *
The sky beast hits you.
* * * LOW HITPOINT WARNING * * *
The sky beast shocks you.
You die...

....................#....
.........................#.....
..........................##....
.................................
.........................#.......
..................##.............
..................######.........
..............Y..######.........
.?.............@.##.............
######............##.............
.....#............##........#..##
.................###........#....
.................# #........##.#.
#..≈.)..........## #........##>##
#...............# #........##.##
#....(..........# #........##.##
#.......######### #.....#.....##


You could see a sky beast.

Vanquished Creatures
  A sky beast (D:5)
  A phantom (D:4)
  An ogre (D:5)
  A giant frog (D:6)
  3 scorpions
  A crimson imp (D:6)
  A giant frog zombie (D:5)
  A hound (D:5)
  An orc wizard (D:3)
  A centaur skeleton (D:4)
  An iguana (D:5)
  5 worker ants
  A killer bee zombie (D:6)
  7 adders
  An ooze (D:1)
  3 dart slugs
  4 giant geckos
  9 orcs
  7 bats
  4 giant cockroaches
  7 goblins
  7 hobgoblins
  6 jackals (D:1)
  10 kobolds
  3 quokkas
  A giant cockroach zombie (D:6)
  3 giant newts
  5 rats
96 creatures vanquished.

Notes
Turn   | Place    | Note
--------------------------------------------------------------
     0 | D:1      | Kugarra the Spriggan Enchanter began the quest for the Orb.
     0 | D:1      | Reached XP level 1. HP: 9/9 MP: 5/5
   154 | D:1      | Reached XP level 2. HP: 4/13 MP: 6/6
   261 | D:1      | Learned a level 2 spell: Ensorcelled Hibernation
   418 | D:1      | Reached XP level 3. HP: 9/16 MP: 5/8
  1182 | D:1      | Learned a level 3 spell: Confuse
  1415 | D:2      | Reached XP level 4. HP: 21/21 MP: 9/9
  1450 | D:2      | Found a radiant altar of Vehumet.
  1451 | D:2      | Found a snail-covered altar of Cheibriados.
  1462 | D:2      | Found an ancient bone altar of Kikubaaqudgha.
  1462 | D:2      | Found a blossoming altar of Fedhas.
  1478 | D:2      | Found a white marble altar of Elyvilon.
  1481 | D:2      | Found a stormy altar of Qazlal.
  1558 | D:2      | Reached skill level 4 in Hexes
  1724 | D:2      | Found a shimmering altar of Xom.
  1978 | D:3      | Found a faded altar to an unknown god.
  2141 | D:3      | Reached skill level 5 in Hexes
  2141 | D:3      | Reached XP level 5. HP: 11/24 MP: 0/10
  2693 | D:4      | You fall through a shaft for 2 floors!
  2716 | D:6      | Reached skill level 6 in Hexes
  2733 | D:6      | Reached XP level 6. HP: 27/28 MP: 2/11
  2896 | D:6      | Reached skill level 7 in Hexes
  2954 | D:6      | Noticed an orc warrior
  3017 | D:5      | Entered Level 5 of the Dungeon
  3048 | D:5      | Found an iron altar of Okawaru.
  3054 | D:4      | Found a staircase to the Ecumenical Temple.
  3062 | Temple   | Entered the Ecumenical Temple
  3075 | Temple   | Became a worshipper of Dithmenos the Shadowed
  3423 | D:4      | Reached skill level 8 in Hexes
  3769 | D:4      | Reached XP level 7. HP: 27/32 MP: 10/12
  3866 | D:4      | Found a shattered altar of Ashenzari.
  4046 | D:4      | Reached skill level 1 in Ice Magic
  4151 | D:5      | Found a sparkling altar of Nemelex Xobeh.
  4495 | D:5      | Noticed Duvessa
  4505 | D:5      | Noticed Dowan
  4872 | D:5      | Slain by a sky beast

Skill      XL: |  1  2  3  4  5  6  7 |
---------------+----------------------+-----
Short Blades   | 2 3 4 |  4.1
Hexes          | 5 6 8 |  8.5
Ice Magic      | 3 |  3.0
Spellcasting   | 4 |  4.8
Dodging        | |  3.0
Stealth        | |  4.4

Action                   |  1- 3 |  4- 6 |  7- 9 || total
-------------------------+-------+-------+-------++-------
Melee: Dagger            |   159 |    70 |     1 ||   230
       Short sword       |       |    65 |    50 ||   115
 Cast: Ensorcelled Hiber |    16 |    25 |    12 ||    53
       Confuse           |       |     5 |     5 ||    10
  Use: Scroll            |     6 |     7 |       ||    13
 Stab: Sleeping          |    21 |    21 |     6 ||    48
       Distracted        |       |     1 |       ||     1
       Confused          |       |     1 |     1 ||     2
  Eat: Pizza             |       |     1 |       ||     1
       Bread ration      |       |     1 |       ||     1
Armor: Robe              |    19 |    17 |     2 ||    38
Dodge: Dodged            |   147 |    97 |    31 ||   275
